 Dungeon Crawl Stone Soup version 0.25.1-2-g60ff931df9 (webtiles) character file.

Game seed: 4945226511822054490

11 Fractals the Caller (level 2, 0/21 HPs)
             Began as a Human Summoner on Oct 28, 2020.
             Slain by a jackal (2 damage)
             ... on level 1 of the Dungeon.
             The game lasted 00:02:17 (974 turns).

Fractals the Caller (Human Summoner)                 Turns: 974, Time: 00:02:19

Health: 0/21       AC:  3    Str:  6 (8)  XL:     2   Next: 35%
Magic:  2/5        EV: 12    Int: 14 (15) God:
Gold:   20         SH:  0    Dex: 12 (13) Spells: 4/5 levels left

rFire    . . .     SeeInvis .   h - +0 dagger
rCold    . . .     Gourm    .   (no shield)
rNeg     . . .     Faith    .   a - +0 robe
rPois    .         Spirit   .   (no helmet)
rElec    .         Reflect  .   d - +0 cloak
rCorr    .         Harm     .   (no gloves)
MR       .....                  (no boots)
Stlth    ++........             (no amulet)
HPRegen  0.07/turn              (no ring)
MPRegen  0.09/turn              (no ring)

@: very slightly contaminated
A: no striking features
a: no special abilities


You were on level 1 of the Dungeon.
You were not hungry.

You visited 1 branch of the dungeon, and saw 1 of its levels.

You collected 20 gold pieces.

Inventory:

Hand Weapons
 h - a +0 dagger (weapon)
Missiles
 f - 29 stones (quivered)
Armour
 a - a +0 robe (worn)
 d - a +0 cloak (worn)
Scrolls
 e - a scroll of enchant armour {unknown}
Comestibles
 c - a ration
 g - 3 chunks of flesh


   Skills:
 + Level 1.1 Fighting
 - Level 2.0 Dodging
 - Level 2.0 Stealth
 + Level 2.3 Spellcasting
 - Level 4.0 Summonings


You had 4 spell levels left.
You knew the following spells:

 Your Spells              Type           Power        Failure   Level  Hunger
a - Summon Small Mammal   Summ           ##..         4%          1    #......

Your spell library contained the following spells:

 Spells                   Type           Power        Failure   Level  Hunger
 Call Imp                 Summ           ##......     7%          2    ###....
 Call Canine Familiar     Summ           ##......     13%         3    ###....
 Summon Guardian Golem    Hex/Summ       #.......     30%         3    ###....
 Summon Ice Beast         Ice/Summ       #.......     69%         4    #####..
 Summon Lightning Spire   Summ/Air       #.......     69%         4    #####..


Dungeon Overview and Level Annotations

Branches:
Dungeon (1/15)

Altars:


Message History

The jackal is moderately wounded.
Your bat closely misses the jackal.
Your bat hits the jackal. The jackal misses you. The hobgoblin hits you.
* * * LOW HITPOINT WARNING * * *
Casting: Summon Small Mammal (safe; 4% risk of failure)
Confirm with . or Enter, or press ? or * to list all spells.
Your bat hits the jackal but does no damage.
The jackal barely misses you. The hobgoblin misses you.
The jackal barely misses you.
Your bat hits the jackal but does no damage.
Your bat hits the hobgoblin but does no damage.
Your bat barely misses the jackal.
The jackal misses your bat.
It was a potion of degeneration.
There was something very wrong with that liquid.
You feel weakened.
You feel dopey.
You feel clumsy.
Your bat closely misses the hobgoblin.
Your bat barely misses the jackal.
The hobgoblin hits you.
* * * LOW HITPOINT WARNING * * *
Your bat closely misses the hobgoblin.
The jackal bites you.
You die...

#.##.. #..##.# ##
#.. ....##.#
#######.### #...#
###.# ##+## #.#
##...## #.#
##.....## ##.#
##...b@..## ##..#
#....hgb..####...##
+.........+.......#
#.........####...##
##.......#........##
##.....##.#.......#
##...###.#.###...#
##'## #.#.# ....#
#.# #.#.# #..#


You could see a jackal, a hobgoblin and 2 friendly bats.

Vanquished Creatures
  A jackal (D:1)
  A bat (D:1)
  A rat (D:1)
3 creatures vanquished.

Vanquished Creatures (collateral kills)
  2 dart slugs (D:1)
  2 giant cockroaches (D:1)
  2 goblins (D:1)
  A kobold (D:1)
  A rat (D:1)
8 creatures vanquished.

Grand Total: 11 creatures vanquished

Notes
Turn   | Place    | Note
-------+----------+-------------------------------------------
     0 | D:1      | Fractals the Human Summoner began the quest for the Orb.
     0 | D:1      | Reached XP level 1. HP: 13/13 MP: 3/3
   531 | D:1      | Reached XP level 2. HP: 6/20 MP: 1/5
   793 | D:1      | Reached skill level 1 in Fighting
   974 | D:1      | Slain by a jackal

Illustrated notes

Levels and vault maps discovered:
D:1:      psy_arrival_radial01, layout_loops_corners,
          nemelex_xobeh_ov_fountains_minmay

Skill      XL: |  1  2 |
---------------+-------+-----
Fighting       | 1 |  1.1
Dodging        | |  2.0
Stealth        | |  2.0
Spellcasting   | |  2.3
Summonings     | |  4.0

Action                   || total
-------------------------++-------
Melee: Unarmed           ||    47
       Dagger            ||     9
 Cast: Summon Small Mamm ||    13
  Use: Potion            ||     1
 Stab: Sleeping          ||     1
Armor: Robe              ||    16
Dodge: Dodged            ||    63
